 Dungeon Crawl Stone Soup version 0.19-a0-414-g76fec5b (webtiles) character file.

2835 McCoppin the Cleaver (level 9, -15/71 HPs)
             Began as a Demonspawn Gladiator on June 1, 2016.
             Was a Believer of Uskayaw.
             Killed by the air
             ... invoked by Gastronok
              (36 damage)
             ... on level 8 of the Dungeon.
             The game lasted 00:17:24 (7183 turns).

McCoppin the Cleaver (Demonspawn Gladiator)         Turns: 7183, Time: 00:17:24

Health: -15/71     AC: 13    Str: 19    XL:     9   Next: 45%
Magic:  13/13      EV: 18    Int: 14    God:    Uskayaw [**....]
Gold:   450        SH:  0    Dex: 17    Spells: 0 memorised, 8 levels left

rFire  + . .     SeeInvis .     a - +0 war axe
rCold  x . .     Gourm    .     s - +1 leather armour {MR+}
rNeg   . . .     Faith    .     (no shield)
rPois  .         Spirit   .     (helmet restricted)
rElec  .         Dismiss  .     (no cloak)
rCorr  +         Reflect  .     e - +0 pair of gloves
SustAt .         Harm     +     M - +0 pair of boots
MR     +....                    H - amulet of harm
Stlth  ++........               C - ring of fire
                                Q - ring of resist corrosion

@: brilliant, agile, somewhat resistant to hostile enchantments, unstealthy
A: horns 2, rough black scales 2, foul stench 1, rot immunity
a: Stomp, Line Pass, Renounce Religion


You were on level 8 of the Dungeon.
You worshipped Uskayaw.
Uskayaw was pleased with you.
You were not hungry.

You visited 2 branches of the dungeon, and saw 9 of its levels.

You collected 450 gold pieces.

Inventory:

Hand Weapons
 a - a +0 war axe (weapon)
Missiles
 d - a throwing net (quivered)
Armour
 b - a +0 leather armour
 c - a +0 helmet
 e - a +0 pair of gloves (worn)
 s - a +1 leather armour of magic resistance (worn)
 x - a +0 chain mail
 M - a +0 pair of boots (worn)
Jewellery
 y - an uncursed ring of wizardry
 C - a ring of fire (right hand)
 H - an amulet of harm (around neck)
 I - a cursed amulet of faith {unknown}
 Q - a ring of resist corrosion (left hand)
Wands
 q - a wand of random effects (26/48)
 r - a wand of polymorph (5/24)
 B - a wand of lightning (8/15)
 S - a wand of lightning (5/15)
Scrolls
 h - 3 scrolls of enchant armour
 i - 2 scrolls of immolation {unknown}
 j - 2 scrolls of noise {unknown}
 k - 6 scrolls of remove curse
 l - a scroll of random uselessness {unknown}
 m - 5 scrolls of identify
 p - 2 scrolls of teleportation {unknown}
 u - a scroll of fear
 F - a scroll of amnesia {unknown}
 G - 4 scrolls of blinking {unknown}
 N - a scroll of torment {unknown}
 P - a scroll of magic mapping {unknown}
Potions
 t - a potion of agility
 z - a potion of lignification {unknown}
 D - a potion of cure mutation {unknown}
 E - 2 potions of magic {unknown}
 K - a potion of resistance {unknown}
 L - a potion of flight {unknown}
 R - a potion of might {unknown}
Books
 w - Sif Muna's Volume of Enhancements
   (You found it on level 4 of the Dungeon)

   Spells                             Type                      Level
   a - Infusion                       Charms                       1
 J - a book of the Sky

   Spells                             Type                      Level
   a - Summon Lightning Spire         Summoning/Air                4
   b - Airstrike                      Air                          4
   c - Silence                        Hexes/Air                    5
   d - Deflect Missiles               Charms/Air                   6
   e - Conjure Ball Lightning         Conjuration/Air              6
   f - Tornado                        Air                          9
Comestibles
 f - 10 bread rations
 g - 2 meat rations
 n - 3 beef jerkies
 o - 4 slices of pizza
 O - 3 fruits


   Skills:
 - Level 6.4 Fighting
 * Level 10.2 Axes
 - Level 1.7 Throwing
 - Level 2.6 Dodging
 + Level 5.4 Invocations


You had 8 spell levels left.
You didn't know any spells.

Dungeon Overview and Level Annotations

Branches:
Dungeon (8/15)             Temple (1/1) D:6
   Lair: D:8-11

Altars:
Cheibriados
Elyvilon
Fedhas
Gozag
Kikubaaqudgha
Nemelex Xobeh
Okawaru
Qazlal
Sif Muna
Trog
Uskayaw
Vehumet
Yredelemnul
Zin
The Shining One

Shops:
D:4 }   D:5 *(

Annotations:
D:6 Goblin1989's ghost, novice GrGl
D:8 Gastronok


Innate Abilities, Weirdness & Mutations

You have a pair of horns on your head.
You are mostly covered in rough black scales. (AC +7, Dex -2)
You may emit foul miasma when damaged in melee.
You are immune to rotting.


Message History

You hit Gastronok but do no damage.
Gastronok is heavily wounded.
You hit Gastronok. You headbutt Gastronok.
Gastronok is heavily wounded.
Gastronok bites you!!
* * * LOW HITPOINT WARNING * * *
Unknown command.
You feel much better.
You feel agile all of a sudden.
Gastronok waves his eye-stalks in wide circles.
The air twists around and strikes you!
* * * LOW HITPOINT WARNING * * *
It was a potion of brilliance.
You feel clever all of a sudden.
You slash Gastronok! You headbutt Gastronok!
Gastronok is severely wounded.
Gastronok waves his eye-stalks in wide circles.
The air twists around and strikes you!
Ouch! That really hurt!
You die...

.......# ######.#
#...#.# #...#.#
#.#.#[# ##.#.#.#
##.#<#.# #####
##.###.### #.#w#
.#.......#####.#@#
.#####.#.........#.#
.# #.#####.......#
.# #.......#......$#
.#
######............
+###
####..#.########
...# #.....#... ...#
#.....#####
...#####.........


You could see Gastronok.

Vanquished Creatures
  Pikel (D:4)
  A spriggan (D:7)
  A hippogriff (D:7)
  Duvessa (D:5)
  A sky beast (D:7)
  2 orc warriors
  A black bear (D:7)
  4 ogres
  2 slaves (D:4)
  An ice beast (D:6)
  A centaur (D:5)
  A big kobold (D:8)
  2 giant frogs
  Dowan (D:5)
  2 jellies (D:7)
  2 scorpions
  A water moccasin skeleton (D:6)
  3 howler monkeys
  2 centaur zombies (D:5)
  A crimson imp (D:6)
  An orc priest (D:3)
  Terence (D:2)
  A worker ant (D:3)
  Natasha (thrice) (D:2 D:4)
  A hound skeleton (D:6)
  11 adders
  5 shadow imps
  An ooze (D:3)
  An adder zombie (D:8)
  3 worms
  2 dart slugs (D:1)
  A giant gecko (D:1)
  17 orcs
  3 bats (D:2)
  5 giant cockroaches
  4 goblins
  6 hobgoblins
  10 jackals
  10 kobolds
  7 quokkas
  3 giant newts
  A quokka skeleton (D:8)
  A quokka zombie (D:6)
  7 rats
136 creatures vanquished.

Vanquished Creatures (others)
  A worker ant (D:4)
1 creature vanquished.

Grand Total: 137 creatures vanquished

Notes
Turn   | Place    | Note
--------------------------------------------------------------
     0 | D:1      | McCoppin the Demonspawn Gladiator began the quest for the Orb.
     0 | D:1      | Reached XP level 1. HP: 16/16 MP: 1/1
     6 | D:1      | Noticed a soldier ant
     6 | D:1      | Noticed a basilisk
     7 | D:1      | Noticed a yaktaur
     7 | D:1      | Noticed a hell rat
    53 | D:1      | Reached skill level 3 in Axes
   165 | D:1      | Gained mutation: You have a pair of small horns on your head. [demonic ancestry]
   165 | D:1      | Reached XP level 2. HP: 20/22 MP: 2/2
   353 | D:1      | Found a glowing golden altar of the Shining One.
   982 | D:2      | Gained mutation: You are partially covered in rough black scales. (AC +4, Dex -1) [demonic ancestry]
   982 | D:2      | Reached XP level 3. HP: 28/28 MP: 3/3
  1102 | D:2      | Noticed Natasha
  1111 | D:2      | Killed Natasha
  1119 | D:2      | Noticed Terence
  1127 | D:2      | Killed Terence
  1127 | D:2      | Reached skill level 4 in Axes
  1127 | D:2      | Gained mutation: You have a pair of horns on your head. [demonic ancestry]
  1127 | D:2      | Reached XP level 4. HP: 31/34 MP: 4/4
  1318 | D:2      | Noticed Natasha
  1329 | D:2      | Killed Natasha
  1543 | D:2      | Found a sparkling altar of Nemelex Xobeh.
  1546 | D:2      | Gained mutation: You are immune to rotting. [demonic ancestry]
  1546 | D:2      | Reached XP level 5. HP: 37/41 MP: 5/5
  2026 | D:3      | Noticed an ogre
  2046 | D:3      | Reached skill level 5 in Axes
  2054 | D:3      | HP: 1/41 [ogre/giant spiked club (11)]
  2474 | D:3      | Killed an ogre
  2474 | D:3      | Gained mutation: You may emit foul miasma when damaged in melee. [demonic ancestry]
  2474 | D:3      | Reached XP level 6. HP: 48/48 MP: 6/6
  2995 | D:4      | Noticed Natasha
  3001 | D:4      | Killed Natasha
  3058 | D:4      | Found Orest's Gadget Emporium.
  3098 | D:4      | Noticed a slave
  3136 | D:4      | Killed a slave
  3297 | D:4      | Found an ancient bone altar of Kikubaaqudgha.
  3297 | D:4      | Found a deep blue altar of Sif Muna.
  3299 | D:4      | Found a radiant altar of Vehumet.
  3304 | D:4      | Identified Sif Muna's Volume of Enhancements
  3436 | D:4      | Noticed a slave
  3455 | D:4      | Killed a slave
  3463 | D:4      | Noticed Pikel
  3463 | D:4      | Noticed a slave
  3477 | D:4      | Noticed a slave
  3489 | D:4      | Killed Pikel
  3489 | D:4      | Reached skill level 5 in Fighting
  3489 | D:4      | Reached skill level 7 in Axes
  3489 | D:4      | Reached XP level 7. HP: 24/56 MP: 7/7
  3747 | D:4      | Found an iron altar of Okawaru.
  3747 | D:4      | Found a basalt altar of Yredelemnul.
  4425 | D:5      | Entered Level 5 of the Dungeon
  4517 | D:5      | Noticed Duvessa
  4517 | D:5      | Noticed Dowan
  4526 | D:5      | Killed Duvessa
  4526 | D:5      | Gained mutation: You are mostly covered in rough black scales. (AC +7, Dex -2) [demonic ancestry]
  4526 | D:5      | Reached XP level 8. HP: 57/63 MP: 8/8
  4555 | D:5      | Killed Dowan
  4612 | D:5      | Found Zin's Purification Station.
  4616 | D:5      | Found a glowing silver altar of Zin.
  4620 | D:5      | Found Pecoshuna's Weapon Shoppe.
  4700 | D:5      | Reached skill level 8 in Axes
  5098 | D:6      | Found a staircase to the Ecumenical Temple.
  5123 | Temple   | Entered the Ecumenical Temple
  5139 | Temple   | Became a worshipper of Uskayaw the Reveler
  5187 | D:6      | Noticed Goblin1989's ghost (novice GrGl)
  5342 | D:7      | Reached * piety under Uskayaw
  5343 | D:7      | Reached ** piety under Uskayaw
  5345 | D:7      | Reached *** piety under Uskayaw
  5348 | D:7      | Reached skill level 1 in Invocations
  5386 | D:7      | Found an opulent altar of Gozag.
  5397 | D:7      | Found a sparkling altar of Nemelex Xobeh.
  5679 | D:7      | Reached skill level 9 in Axes
  5950 | D:7      | Reached XP level 9. HP: 18/71 MP: 11/11
  6717 | D:8      | Reached skill level 10 in Axes
  6808 | D:8      | Reached skill level 5 in Invocations
  7076 | D:8      | Found a blossoming altar of Fedhas.
  7165 | D:8      | Noticed Gastronok
  7183 | D:8      | Killed from afar by Gastronok

Vault maps used:
D:1:      onia_arrival_zoo_common, serial_forest,
          infiniplex_forest_clump_medium, infiniplex_forest_lined_2,
          infiniplex_forest_lined_room_2, infiniplex_forest_diagonal,
          infiniplex_forest_corner_1, infiniplex_forest_clump_tiny,
          infiniplex_forest_fountain, infiniplex_forest_clump_cross,
          infiniplex_forest_clump_diagonal, infiniplex_forest_clump_diagonal,
          tso_metal_star
D:2:      nemelex_xobeh_ov_fountains_minmay, fountainhead, uniq_natasha,
          uniq_terence
D:3:      first_bread, minmay_misc_feat_tiny
D:4:      grunt_temple_overflow_magic_moments,
          gammafunk_temple_overflow_elements, serial_shops, shop_statue,
          uniq_pikel
D:5:      zin_purify, serial_shops, nicolae_shop_temple_entry_statues_fountains,
          uniq_duvessa
D:6:      minmay_temple_entry_mist
D:7:      lemuel_doored_altar, the_bakery, nemelex_diamond_rough_becter
D:8:      nicolae_overflow_crystal_walls, fedhas_altar_4, serial_shops,
          nicolae_shop_waterfront, uniq_gastronok
Temple:   water_room_temple_b_12

Skill      XL: |  1  2  3  4  5  6  7  8  9 |
---------------+----------------------------+-----
Axes           | 3 4 5 7 9 10 | 10.2
Fighting       | 3 5 6 |  6.4
Invocations    | 3 5 |  5.4
Throwing       | |  1.7
Dodging        | |  2.6

Action                   |  1- 3 |  4- 6 |  7- 9 || total
-------------------------+-------+-------+-------++-------
Melee: War axe           |    65 |   188 |   226 ||   479
       Headbutt          |     7 |    28 |    45 ||    80
Throw: Throwing net      |       |     3 |     2 ||     5
Invok: Stomp             |       |       |     1 ||     1
  Use: Scroll            |       |     5 |       ||     5
       Potion            |       |     4 |     3 ||     7
 Stab: Paralysed         |       |       |     1 ||     1
  Eat: Chunk             |       |     6 |     5 ||    11
       Meat ration       |       |     1 |       ||     1
       Bread ration      |       |       |     1 ||     1
Armor: Leather armour    |    20 |    62 |   111 ||   193
Dodge: Dodged            |    41 |    92 |   114 ||   247
